 Dungeon Crawl Stone Soup version 0.26-a0-602-gd42a14c23b (webtiles) character file.

Game seed: 17553652109936109297

654 Hores the Digger (level 7, -1/36 HPs)
             Began as a Gargoyle Earth Elementalist on Aug 30, 2020.
             Slain by a two-headed ogre
             ... wielding a +0 giant club
              (7 damage)
             ... on level 5 of the Dungeon.
             The game lasted 00:08:15 (4677 turns).

Hores the Digger (Gargoyle Earth Elementalist)      Turns: 4677, Time: 00:08:16

Health: -1/36      AC:  8    Str: 12    XL:     7   Next: 54%
Magic:  3/14       EV: 12    Int: 17    God:
Gold:   272        SH:  0    Dex: 10    Spells: 6/15 levels left

rFire    . . .     SeeInvis .   i - +0 mace
rCold    . . .     Faith    .   (no shield)
rNeg     + . .     Spirit   .   c - +0 robe
rPois    ∞         Reflect  .   d - +0 helmet
rElec    +         Harm     .   q - +0 cloak
rCorr    .                      (no gloves)
MR       .....                  (no boots)
Stlth    ++........             (no amulet)
HPRegen  0.12/turn              (no ring)
MPRegen  0.14/turn              (no ring)

@: no status effects
A: negative energy resistance 1, electricity resistance, unbreathing,
petrification resistance, rot immunity, AC +4
a: no special abilities


You were on level 5 of the Dungeon.
You visited 1 branch of the dungeon, and saw 5 of its levels.

You collected 272 gold pieces.

Inventory:

Hand Weapons
 i - a +0 mace (weapon)
 o - a +1 flail
 p - a +4 quarterstaff of chaos
Missiles
 b - 56 stones (quivered)
Armour
 c - a +0 robe (worn)
 d - a +0 helmet (worn)
 q - a +0 cloak (worn)
Scrolls
 l - 2 scrolls of enchant weapon
Potions
 a - a potion of stabbing {unknown}
 e - a potion of cancellation {unknown}
 f - 2 potions of berserk rage
 h - 4 potions of curing
 j - a potion of degeneration {unknown}
 n - a potion of resistance {unknown}
 r - a potion of might {unknown}
 s - 2 potions of heal wounds {unknown}


   Skills:
 - Level 1.5 Dodging
 - Level 2.1 Stealth
 + Level 4.8 Spellcasting
 + Level 4.0 Conjurations
   Level 0.7 Transmutations
 + Level 6.9 Earth Magic


You had 6 spell levels left.
You knew the following spells:

 Your Spells              Type           Power        Failure   Level
a - Sandblast             Erth           ####..       1%          1
b - Stone Arrow           Conj/Erth      ###...       4%          3
c - Lee's Rapid Deconstr  Erth           ####......   22%         5

Your spell library contained the following spells:

 Spells                   Type           Power        Failure   Level
 Passwall                 Tmut/Erth      ###.....     4%          2
 Petrify                  Tmut/Erth      ###.....     30%         4


Dungeon Overview and Level Annotations

Branches:
Dungeon (5/15)
 Temple: D:4-7

Altars:
Elyvilon


Innate Abilities, Weirdness & Mutations

You are resistant to torment.
Your stone body is resilient. (AC +4)
You are immune to poison.
You resist negative energy. (rN+)
You are resistant to electric shocks. (rElec)
You can survive without breathing.
You are immune to petrification.
You are immune to rotting.


Message History

Aiming: Sandblast (safe; 1% risk of failure)
Press: ? - help, Shift-Dir - straight line, f/p - two-headed ogre
Aim: a two-headed ogre, wielding a +0 giant club and a -2 dire flail (heavily wounded)
The blast of sand hits the two-headed ogre!
The two-headed ogre is severely wounded.
b - 57 stones The two-headed ogre barely misses you.
The two-headed ogre hits you but does no damage.
Casting: Sandblast (safe; 1% risk of failure)
Confirm with . or Enter, or press ? or * to list all spells.
Aiming: Sandblast (safe; 1% risk of failure)
Press: ? - help, Shift-Dir - straight line, f/p - two-headed ogre
Aim: a two-headed ogre, wielding a +0 giant club and a -2 dire flail (severely wounded)
The blast of sand hits the two-headed ogre.
The two-headed ogre is almost dead.
b - 56 stones The two-headed ogre hits you with a +0 giant club!
* * * LOW HITPOINT WARNING * * *
The two-headed ogre hits you with a cursed -2 dire flail!
You die...

.... # ........ ..## #
....... .... # ..... ..#
.... ..# ### ###.### #.#
##.## #.....# #.# #...##
..###.#$#.###.####....#
......O@.......##.....##
..###.#.#.###..........#
.. #.#...#..........# #.
#.###.#........... ..
... ............. ## ###
##.#..........
#.......#....
##....######. #...## #.


You could see a two-headed ogre.

Vanquished Creatures
  2 sky beasts
  An ogre (D:4)
  A scorpion (D:4)
  A howler monkey (D:4)
  2 orc wizards (D:3)
  Crazy Yiuf (D:2)
  Jessica (D:2)
  A worker ant (D:4)
  7 gnolls
  An adder (D:2)
  2 ufetubi (D:5)
  An ooze (D:3)
  2 worms
  3 dart slugs
  5 leopard geckos
  3 orcs (D:3)
  6 giant cockroaches
  6 goblins
  4 hobgoblins (D:1)
  5 jackals
  A quokka (D:3)
  9 bats
  A frilled lizard (D:2)
  A leopard gecko zombie (D:5)
  9 rats
76 creatures vanquished.

Notes
Turn   | Place    | Note
-------+----------+-------------------------------------------
     0 | D:1      | Hores the Gargoyle Earth Elementalist began the quest for
                  | the Orb.
     0 | D:1      | Reached XP level 1. HP: 10/10 MP: 3/3
   576 | D:1      | Reached skill level 4 in Earth Magic
   576 | D:1      | Reached XP level 2. HP: 12/15 MP: 0/5
  1254 | D:2      | Noticed Jessica
  1256 | D:2      | Found a faded altar of an unknown god.
  1258 | D:2      | Killed Jessica
  1258 | D:2      | Reached XP level 3. HP: 19/19 MP: 5/7
  1363 | D:2      | Reached XP level 4. HP: 24/24 MP: 8/8
  1581 | D:2      | Reached skill level 5 in Earth Magic
  2023 | D:2      | Learned a level 3 spell: Stone Arrow
  2187 | D:2      | Found a runed translucent door.
  2188 | D:2      | Noticed Crazy Yiuf
  2197 | D:2      | Killed Crazy Yiuf
  2197 | D:2      | Reached skill level 1 in Conjurations
  2197 | D:2      | Reached XP level 5. HP: 16/28 MP: 3/10
  2375 | D:2      | Learned a level 5 spell: Lee's Rapid Deconstruction
  2783 | D:3      | Noticed a sky beast
  2789 | D:3      | Killed a sky beast
  2789 | D:3      | Reached skill level 6 in Earth Magic
  2789 | D:3      | Reached XP level 6. HP: 32/32 MP: 7/12
  3189 | D:4      | Found a white marble altar of Elyvilon.
  3709 | D:4      | Reached XP level 7. HP: 36/36 MP: 7/13
  4261 | D:5      | Entered Level 5 of the Dungeon
  4663 | D:5      | Noticed a two-headed ogre
  4677 | D:5      | Slain by a two-headed ogre

Illustrated notes

Levels and vault maps discovered:
D:1:      wander_arrival_peaceful_grave, layout_basic
D:2:      layout_basic, chequers_ecumenical_altar_simple,
          minmay_rat_gold_closets, uniq_crazy_yiuf_cottage, uniq_jessica
D:3:      layout_rooms
D:4:      layout_basic, elyvilon_altar_1
D:5:      layout_cave_pods, serial_shops, shop, moated_statue,
          minmay_misc_feat_roman

Skill      XL: |  1  2  3  4  5  6  7 |
---------------+----------------------+-----
Earth Magic    | 4 5 6 |  6.9
Spellcasting   | 3 4 |  4.8
Conjurations   | 1 2 3 4 |  4.0
Dodging        | |  1.5
Stealth        | |  2.1
Transmutations | |  0.7

Action                   |  1- 3 |  4- 6 |  7- 9 || total
-------------------------+-------+-------+-------++-------
Melee: Club              |    11 |       |       ||    11
       Unarmed           |     8 |       |       ||     8
       Mace              |    52 |   119 |    41 ||   212
 Cast: Sandblast         |     9 |    43 |    19 ||    71
       Stone Arrow       |       |       |     2 ||     2
  Use: Scroll            |       |     7 |     2 ||     9
 Stab: Sleeping          |     5 |     5 |     1 ||    11
Armor: Robe              |    28 |    67 |    45 ||   140
Dodge: Dodged            |    53 |    94 |    74 ||   221

Table legend: (Time is in decaauts)
 A = Elapsed time spent in this place.
 B = Non-inter-level travel time spent in this place.
 C = Inter-level travel time spent in this place.
 D = Time resting spent in this place.
 E = Time spent auto-exploring this place.
 F = Levels seen in this place.
 G = Mean time per level.
                   A        B        C        D        E       F      G
               +--------+--------+--------+--------+--------+-----+--------+
         Total |   4764 |   4478 |    286 |    166 |   3524 |   5 |  952.8 |
       Dungeon |   4764 |   4478 |    286 |    166 |   3524 |   5 |  952.8 |
               +--------+--------+--------+--------+--------+-----+--------+

Top non-repeatable levels by time:
     D:1: 1473 daAuts
     D:4: 1238 daAuts
     D:2: 962 daAuts
     D:3: 660 daAuts
     D:5: 429 daAuts
